Rangers vs Flyers
Created - February 16, 2023 at 22:40
Goals
|
| Rangers |
0 |
3 |
0 |
3 |
| Flyers |
0 |
3 |
1 |
4 |
|
Shots
|
| Rangers |
6 |
12 |
5 |
23 |
| Flyers |
7 |
17 |
10 |
34 |
|
1st period
No Goal
Penalties :
Devante Smith-Pelly (NyR) for Hooking (Minor) at 15:16
2nd period
1. Flyers , Jakub Voracek 18 (J.T. Miller 27, Nathan Beaulieu 15) at 4:27 (PP)
2. Rangers , Milan Lucic 17 (Cale Makar 34, Sean Couturier 33) at 4:43 (PP)
3. Rangers , Devante Smith-Pelly 18 (Sean Couturier 34) at 4:47
4. Flyers , Niclas Bergfors 6 (Calle Jarnkrok 5, Chris Mcallister 6) at 6:56
5. Rangers , Milan Lucic 18 (Sean Couturier 35) at 10:20 (PP)
6. Flyers , Niclas Bergfors 7 (Jacob Trouba 17, Nathan Beaulieu 16) at 14:42
Penalties :
Henrik Samuelsson (NyR) for Cross-checking (Minor) at 3:21, Jeff Carter (Phi) for Hooking (Minor) at 4:36, Nathan Beaulieu (Phi) for Holding (Minor) at 10:11, Calle Jarnkrok (Phi) for Hooking (Minor) at 11:55
3rd period
7. Flyers , Jordan Nolan 15 (Jakub Voracek 12, J.T. Miller 28) at 9:33 (PP)
Penalties :
Chris Mcallister (Phi) for Tripping (Minor) at 5:42, Ryan Strome (NyR) for Roughing (Minor) at 8:44, Devante Smith-Pelly (NyR) for Tripping (Minor) at 17:47
Goalie Stats
Samuel Montembeault (NyR), 30 saves from 34 shots - (0.882), L, 3-9-3, 60:00 minutes
Steve Mason (Phi), 20 saves from 23 shots - (0.870), W, 18-10-3, 60:00 minutes
Players Stats for Rangers
Player Name G A P +/- PIM S H SB GA TA FO MP PP MP PK MP
------------------------------------------------------------------------------------
Cale Makar 0 1 1 -1 0 3 1 1 1 0 0/0 21:59 2:07 0:00
Devante Smith-Pelly 1 0 1 1 4 1 2 0 0 0 1/2 16:50 2:17 0:00
Dmitry Kulikov 0 0 0 0 0 1 2 0 0 1 0/0 19:07 1:04 4:21
Henrik Samuelsson 0 0 0 0 2 2 1 0 0 0 2/7 14:13 0:00 0:52
Luke Schenn 0 0 0 0 0 3 0 0 0 0 0/0 24:36 2:07 4:21
Magnus Paajarvi 0 0 0 -2 0 0 2 0 0 0 0/0 10:55 0:00 1:22
Maxime Sauvé 0 0 0 -2 0 0 1 1 0 0 0/0 9:43 0:00 0:31
Mikhail Sergachev 0 0 0 0 0 0 2 0 0 1 0/0 17:24 0:00 1:32
Milan Lucic 2 0 2 1 0 2 3 0 1 0 0/2 20:04 2:17 3:25
Patrik Nemeth 0 0 0 0 0 0 1 1 0 0 0/0 15:40 0:00 1:32
Richard Panik 0 0 0 0 0 3 1 0 0 0 0/0 14:38 1:03 0:00
Ryan Dzingel 0 0 0 0 0 4 2 1 1 0 0/0 14:56 1:57 0:00
Ryan Strome 0 0 0 0 2 1 3 0 0 0 0/0 15:04 1:57 0:00
Sean Couturier 0 3 3 1 0 0 3 0 0 1 19/33 19:52 2:17 3:24
Stefan Noesen 0 0 0 -2 0 0 1 0 0 0 0/0 9:06 0:00 0:00
T.J Galiardi 0 0 0 0 0 1 1 1 0 0 0/0 14:28 0:00 1:06
Tomas Hertl 0 0 0 0 0 1 2 1 0 1 5/9 16:04 1:57 1:06
Vince Dunn 0 0 0 -1 0 1 3 1 0 1 0/0 19:24 2:07 0:00
Players Stats for Flyers
Player Name G A P +/- PIM S H SB GA TA FO MP PP MP PK MP
------------------------------------------------------------------------------------
Brian Lashoff 0 0 0 0 0 0 3 2 0 0 0/0 20:28 1:47 0:50
Brock Nelson 0 0 0 0 0 1 1 0 0 0 0/0 8:00 0:48 1:18
Calle Jarnkrok 0 1 1 2 2 1 0 0 0 0 4/8 12:41 0:00 1:20
Chris Mcallister 0 1 1 2 2 0 0 0 0 0 1/1 12:20 0:00 0:34
Drew Miller 0 0 0 0 0 4 2 0 0 1 0/2 17:25 1:02 0:25
J.T. Miller 0 2 2 -1 0 5 3 0 0 0 3/6 23:50 3:58 1:17
Jacob Trouba 0 1 1 1 0 3 0 2 0 0 0/0 27:29 4:06 3:09
Jake Dotchin 0 0 0 0 0 0 1 0 0 0 0/0 13:08 0:00 0:31
Jakub Voracek 1 1 2 -1 0 5 0 0 0 0 0/2 21:00 3:58 0:28
Jeff Carter 0 0 0 0 2 2 2 0 1 0 5/8 17:22 1:55 1:46
Jonathan Ericsson 0 0 0 0 0 0 0 1 0 1 0/0 12:13 0:00 0:15
Jordan Nolan 1 0 1 -1 0 4 1 0 1 0 12/23 22:04 3:58 1:13
Marcus Kruger 0 0 0 0 0 2 0 0 1 0 0/0 15:14 1:55 0:00
Matt Smaby 0 0 0 0 0 0 0 0 0 0 0/0 20:27 1:47 0:50
Nathan Beaulieu 0 2 2 1 2 0 1 2 0 0 0/0 27:03 4:06 3:00
Niclas Bergfors 2 0 2 2 0 5 0 0 2 1 0/0 13:15 0:04 0:00
Tomas Kubalik 0 0 0 0 0 2 0 0 0 0 0/0 5:50 0:00 0:00
Travis Konecny 0 0 0 0 0 0 1 0 0 0 1/3 5:53 0:01 0:00
3 Stars
1 - Niclas Bergfors (Phi)
2 - Milan Lucic (NyR)
3 - Sean Couturier (NyR)
Power Play
Rangers - 2 on 4 Attempt(s) - 50.00%
Flyers - 2 on 4 Attempt(s) - 50.00%
Penalty Kill
Rangers - 2 on 4 Attempt(s) - 50.00%
- Score 0 goal in Penalty Kill
Flyers - 2 on 4 Attempt(s) - 50.00%
- Score 0 goal in Penalty Kill
Team Stat
Rangers - Hits : 31 - Faceoff Wins : 27 - Blocked Shots : 7 - Penalty Minutes : 8
Flyers - Hits : 15 - Faceoff Wins : 26 - Blocked Shots : 7 - Penalty Minutes : 8
Official
Referees : Chris Schlenker and Dan O'Rourke
Linesman : Kyle Flemington and Pierre Racicot
Game Notes
No Game Note
Finance
Level 1 -- Attendance: 6000 (100.00%) -- Ticket Income $600,000
Level 2 -- Attendance: 4631 (92.62%) -- Ticket Income $277,860
Level 3 -- Attendance: 2000 (100.00%) -- Ticket Income $70,000
Level 4 -- Attendance: 3610 (90.25%) -- Ticket Income $90,250
Luxury Box -- Attendance: 933 (93.30%) -- Ticket Income $186,600
Game was played at the Wells Fargo Center.
Total Attendance: 17174 (95.41%)
Total Ticket Income: $1,224,710
Other Income: $183,706
Total Income: $1,408,416
Rangers
5 vs 5 Forward
Center Left Wing Right Wing Time % Phy DF OF
1 Sean Couturier Milan Lucic Devante Smith-Pelly 40 1 2 2
2 Tomas Hertl Ryan Dzingel Ryan Strome 30 1 2 2
3 Henrik Samuelsson T.J Galiardi Richard Panik 20 1 2 2
4 Maxime Sauvé Magnus Paajarvi Stefan Noesen 10 1 2 2
5 vs 5 Defense
Defense Defense Time % Phy DF OF
1 Cale Makar Vince Dunn 32 1 2 2
2 Luke Schenn Mikhail Sergachev 31 1 2 2
3 Patrik Nemeth Dmitry Kulikov 27 1 2 2
4 Cale Makar Luke Schenn 10 1 2 2
PowerPlay Forward
Center Left Wing Right Wing Time % Phy DF OF
1 Sean Couturier Milan Lucic Devante Smith-Pelly 60 1 1 3
2 Tomas Hertl Ryan Dzingel Ryan Strome 40 1 1 3
PowerPlay Defense
Defense Defense Time % Phy DF OF
1 Cale Makar Vince Dunn 60 1 1 3
2 Luke Schenn Richard Panik 40 1 1 3
Penalty Kill 4 Players Forward
Center Wing Time % Phy DF OF
1 Sean Couturier Milan Lucic 60 1 3 1
2 Tomas Hertl T.J Galiardi 40 1 3 1
Penalty Kill 4 Players Defense
Defense Defense Time % Phy DF OF
1 Luke Schenn Dmitry Kulikov 60 1 3 1
2 Patrik Nemeth Mikhail Sergachev 40 1 3 1
Penalty Kill - 3 Players Forward
Forward Time % Phy DF OF
1 Sean Couturier 60 1 3 1
2 Tomas Hertl 40 1 3 1
Penalty Kill - 3 Players Defense
Defense Defense Time % Phy DF OF
1 Luke Schenn Dmitry Kulikov 60 1 3 1
2 Patrik Nemeth Mikhail Sergachev 40 1 2 2
4 vs 4 Forward
Center Wing Time % Phy DF OF
1 Sean Couturier Milan Lucic 60 1 2 2
2 Tomas Hertl T.J Galiardi 40 1 2 2
4 vs 4 Defense
Defense Defense Time % Phy DF OF
1 Luke Schenn Vince Dunn 60 1 2 2
2 Cale Makar Mikhail Sergachev 40 1 2 2
Last Minutes Offensive
Center Left Wing Right Wing Defense Defense
Sean Couturier Milan Lucic Ryan Strome Luke Schenn Dmitry Kulikov
Last Minutes Defensive
Center Left Wing Right Wing Defense Defense
Sean Couturier Milan Lucic Ryan Strome Luke Schenn Dmitry Kulikov
Goaltenders
Starting : Samuel Montembeault
Backup : Frederik Andersen
Extra Forwards
Normal : Devante Smith-Pelly, Richard Panik, T.J Galiardi - PP : Devante Smith-Pelly, Richard Panik - PK : Devante Smith-Pelly
Extra Defensemen
Normal : Cale Makar, Vince Dunn, Mikhail Sergachev - PP : Cale Makar - PK : Cale Makar, Luke Schenn
Penalty Shots
Milan Lucic, Sean Couturier, Tomas Hertl, Ryan Strome, Devante Smith-Pelly
Scratches
Derrick Pouliot (Healthy)
Flyers
5 vs 5 Forward
Center Left Wing Right Wing Time % Phy DF OF
1 Jordan Nolan J.T. Miller Jakub Voracek 40 1 2 2
2 Jeff Carter Drew Miller Marcus Kruger 30 1 2 2
3 Calle Jarnkrok Chris Mcallister Niclas Bergfors 20 1 2 2
4 J.T. Miller Brock Nelson Tomas Kubalik 10 1 2 2
5 vs 5 Defense
Defense Defense Time % Phy DF OF
1 Jacob Trouba Nathan Beaulieu 40 1 2 2
2 Brian Lashoff Matt Smaby 30 1 2 2
3 Jonathan Ericsson Jake Dotchin 20 1 2 2
4 Jacob Trouba Nathan Beaulieu 10 1 2 2
PowerPlay Forward
Center Left Wing Right Wing Time % Phy DF OF
1 Jordan Nolan J.T. Miller Jakub Voracek 60 1 2 2
2 Jeff Carter Drew Miller Marcus Kruger 40 1 2 2
PowerPlay Defense
Defense Defense Time % Phy DF OF
1 Jacob Trouba Nathan Beaulieu 60 1 2 2
2 Brian Lashoff Matt Smaby 40 1 2 2
Penalty Kill 4 Players Forward
Center Wing Time % Phy DF OF
1 J.T. Miller Jordan Nolan 60 1 2 2
2 Jakub Voracek Jeff Carter 40 1 2 2
Penalty Kill 4 Players Defense
Defense Defense Time % Phy DF OF
1 Jacob Trouba Nathan Beaulieu 60 1 2 2
2 Brian Lashoff Matt Smaby 40 1 2 2
Penalty Kill - 3 Players Forward
Forward Time % Phy DF OF
1 J.T. Miller 60 1 2 2
2 Jordan Nolan 40 1 2 2
Penalty Kill - 3 Players Defense
Defense Defense Time % Phy DF OF
1 Jacob Trouba Nathan Beaulieu 60 1 2 2
2 Brian Lashoff Matt Smaby 40 1 2 2
4 vs 4 Forward
Center Wing Time % Phy DF OF
1 J.T. Miller Jordan Nolan 60 1 2 2
2 Jakub Voracek Jeff Carter 40 1 2 2
4 vs 4 Defense
Defense Defense Time % Phy DF OF
1 Jacob Trouba Nathan Beaulieu 60 1 2 2
2 Brian Lashoff Matt Smaby 40 1 2 2
Last Minutes Offensive
Center Left Wing Right Wing Defense Defense
Jordan Nolan J.T. Miller Jakub Voracek Jacob Trouba Nathan Beaulieu
Last Minutes Defensive
Center Left Wing Right Wing Defense Defense
Jordan Nolan J.T. Miller Jakub Voracek Jacob Trouba Nathan Beaulieu
Goaltenders
Starting : Steve Mason
Backup : Ilya Sorokin
Extra Forwards
Normal : Travis Konecny, Niclas Bergfors, Chris Mcallister - PP : Travis Konecny, Niclas Bergfors - PK : Chris Mcallister
Extra Defensemen
Normal : Jonathan Ericsson, Jake Dotchin, Brian Lashoff - PP : Jonathan Ericsson - PK : Jake Dotchin, Brian Lashoff
Penalty Shots
J.T. Miller, Jordan Nolan, Jakub Voracek, Jeff Carter, Drew Miller
Scratches
Ivan Provorov (Healthy), Travis Zajac (Healthy)
% Time on Ice - Rangers
Lines # - Real PCT - Wanted PCT - Time Play
Normal Forward
1 - 29% - 40% - 14:17
2 - 26% - 30% - 13:01
3 - 27% - 20% - 13:22
4 - 18% - 10% - 9:06
Normal Defense
1 - 33% - 32% - 16:24
2 - 32% - 31% - 15:44
3 - 27% - 27% - 13:17
4 - 9% - 10% - 4:21
PP Forward
1 - 54% - 60% - 2:17
2 - 46% - 40% - 1:57
PP Defense
1 - 50% - 60% - 2:07
2 - 50% - 40% - 2:07
PK Forward
1 - 81% - 60% - 4:47
2 - 19% - 40% - 1:06
PK Defense
1 - 74% - 60% - 4:21
2 - 26% - 40% - 1:32
PK3 Forward
1 - 0% - 60%
2 - 0% - 40%
PK3 Defense
1 - 0% - 60%
2 - 0% - 40%
44 Forward
1 - 0% - 60%
2 - 0% - 40%
44 Defense
1 - 0% - 60%
2 - 0% - 40%
Last Minute Offensive - 0:07
Last Minute Defensive - 0:00
Total
Forward - 60:00
Defense - 60:00
|
% Time on Ice - Flyers
Lines # - Real PCT - Wanted PCT - Time Play
Normal Forward
1 - 35% - 40% - 17:35
2 - 31% - 30% - 15:23
3 - 22% - 20% - 10:57
4 - 12% - 10% - 5:50
Normal Defense
1 - 38% - 40% - 18:54
2 - 36% - 30% - 17:50
3 - 23% - 20% - 11:37
4 - 3% - 10% - 1:24
PP Forward
1 - 67% - 60% - 3:58
2 - 33% - 40% - 1:55
PP Defense
1 - 70% - 60% - 4:06
2 - 30% - 40% - 1:47
PK Forward
1 - 71% - 60% - 3:01
2 - 29% - 40% - 1:13
PK Defense
1 - 74% - 60% - 3:09
2 - 26% - 40% - 1:05
PK3 Forward
1 - 0% - 60%
2 - 0% - 40%
PK3 Defense
1 - 0% - 60%
2 - 0% - 40%
44 Forward
1 - 0% - 60%
2 - 0% - 40%
44 Defense
1 - 0% - 60%
2 - 0% - 40%
Last Minute Offensive - 0:00
Last Minute Defensive - 0:08
Total
Forward - 60:00
Defense - 60:00
|
Play-by-Play
1st period
0:01 of 1st period - Sean Couturier wins face-off versus Jordan Nolan in neutral zone.
0:14 of 1st period - Slapshot by Jordan Nolan.
0:14 of 1st period - Stopped by Samuel Montembeault without a rebound.
0:15 of 1st period - Jeff Carter wins face-off versus Tomas Hertl in Rangers zone.
0:18 of 1st period - Snap shot by Drew Miller.
0:18 of 1st period - Stopped by Samuel Montembeault without a rebound.
0:19 of 1st period - Tomas Hertl wins face-off versus Drew Miller in Rangers zone.
0:46 of 1st period - Snap shot by Jeff Carter.
0:46 of 1st period - Stopped by Samuel Montembeault without a rebound.
0:47 of 1st period - Calle Jarnkrok wins face-off versus Henrik Samuelsson in Rangers zone.
1:36 of 1st period - Maxime Sauvé is hit by Drew Miller and loses puck.
1:41 of 1st period - Wrist shot by Jeff Carter.
1:41 of 1st period - Stopped by Samuel Montembeault with a rebound.
1:43 of 1st period - Slapshot by Jacob Trouba.
1:43 of 1st period - Stopped by Samuel Montembeault with a rebound.
2:01 of 1st period - Slapshot by Jacob Trouba.
2:01 of 1st period - Stopped by Samuel Montembeault without a rebound.
2:02 of 1st period - Calle Jarnkrok wins face-off versus Milan Lucic in Rangers zone.
2:35 of 1st period - Wrist shot by Tomas Hertl.
2:35 of 1st period - Deflect By Ryan Dzingel.
2:35 of 1st period - Shot Misses the Net.
2:35 of 1st period - Puck is out of play.
2:36 of 1st period - Henrik Samuelsson wins face-off versus Jordan Nolan in Flyers zone.
2:37 of 1st period - Wrist shot by Richard Panik.
2:37 of 1st period - Stopped by Steve Mason with a rebound.
2:39 of 1st period - Slapshot by Luke Schenn.
2:39 of 1st period - Stopped by Steve Mason without a rebound.
2:40 of 1st period - Jordan Nolan wins face-off versus Henrik Samuelsson in Flyers zone.
3:36 of 1st period - Wrist shot by Henrik Samuelsson.
3:36 of 1st period - Shot Misses the Net.
3:38 of 1st period - Slapshot by Luke Schenn.
3:38 of 1st period - Stopped by Steve Mason with a rebound.
4:06 of 1st period - Slapshot by Henrik Samuelsson.
4:06 of 1st period - Stopped by Steve Mason with a rebound.
4:08 of 1st period - Slapshot by Luke Schenn.
4:08 of 1st period - Shot Blocked by Jonathan Ericsson.
4:52 of 1st period - J.T. Miller is hit by Cale Makar and loses puck.
5:09 of 1st period - Slapshot by Cale Makar.
5:09 of 1st period - Stopped by Steve Mason without a rebound.
5:10 of 1st period - Sean Couturier wins face-off versus Jeff Carter in Flyers zone.
6:21 of 1st period - Jacob Trouba is hit by Ryan Strome and loses puck.
6:42 of 1st period - Chris Mcallister is hit by Mikhail Sergachev and loses puck.
7:01 of 1st period - Patrik Nemeth is hit by Brian Lashoff and loses puck.
7:34 of 1st period - Brian Lashoff is hit by Sean Couturier and loses puck.
10:44 of 1st period - Luke Schenn is hit by J.T. Miller and loses puck.
11:03 of 1st period - Luke Schenn is hit by Brian Lashoff and loses puck.
11:24 of 1st period - Marcus Kruger is hit by Milan Lucic and loses puck.
11:54 of 1st period - Niclas Bergfors is hit by Dmitry Kulikov and loses puck.
12:24 of 1st period - Sean Couturier is hit by Jake Dotchin and loses puck.
12:39 of 1st period - Brian Lashoff is hit by Tomas Hertl and loses puck.
12:52 of 1st period - Nathan Beaulieu is hit by Stefan Noesen and loses puck.
12:59 of 1st period - Niclas Bergfors is hit by Mikhail Sergachev and loses puck.
13:28 of 1st period - Ryan Strome is hit by Nathan Beaulieu and loses puck.
14:04 of 1st period - Niclas Bergfors is hit by Ryan Strome and loses puck.
15:09 of 1st period - Luke Schenn is hit by J.T. Miller and loses puck.
15:16 of 1st period - Minor Penalty to Devante Smith-Pelly for Hooking.
15:17 of 1st period - Sean Couturier wins face-off versus Jakub Voracek in Rangers zone.
15:30 of 1st period - Slapshot by J.T. Miller.
15:30 of 1st period - Shot Misses the Net.
16:52 of 1st period - Drew Miller is hit by Magnus Paajarvi and loses puck.
17:16 of 1st period - Penalty to Devante Smith-Pelly is over, Devante Smith-Pelly is back on ice.
17:25 of 1st period - Snap shot by Ryan Dzingel.
17:25 of 1st period - Stopped by Steve Mason with a rebound.
17:31 of 1st period - Matt Smaby is hit by Patrik Nemeth and loses puck.
18:02 of 1st period - Brock Nelson is hit by Devante Smith-Pelly.
18:06 of 1st period - Brock Nelson is hit by Sean Couturier and loses puck.
18:25 of 1st period - Calle Jarnkrok is hit by Ryan Dzingel and loses puck.
18:46 of 1st period - Jakub Voracek is hit by Milan Lucic and loses puck.
19:09 of 1st period - Icing by Stefan Noesen.
19:10 of 1st period - Henrik Samuelsson wins face-off versus Travis Konecny in Rangers zone.
19:26 of 1st period - Icing by Travis Konecny.
19:27 of 1st period - Sean Couturier wins face-off versus Travis Konecny in Flyers zone.
19:34 of 1st period - Wrist shot by Tomas Kubalik.
19:34 of 1st period - Stopped by Samuel Montembeault without a rebound.
19:35 of 1st period - Jordan Nolan wins face-off versus Milan Lucic in Rangers zone.
19:38 of 1st period - Wrist shot by Jordan Nolan.
19:38 of 1st period - Shot Hit the Post.
Goals for this period are 0 for Rangers vs 0 for Flyers.
Shots for this period are 6 for Rangers vs 7 for Flyers.
2nd period
0:01 of 2nd period - Jordan Nolan wins face-off versus Sean Couturier in neutral zone.
0:08 of 2nd period - Snap shot by J.T. Miller.
0:08 of 2nd period - Shot Blocked by Cale Makar.
0:26 of 2nd period - Ryan Dzingel is hit by Jeff Carter.
0:34 of 2nd period - Wrist shot by Ryan Dzingel.
0:34 of 2nd period - Stopped by Steve Mason without a rebound.
0:35 of 2nd period - Jeff Carter wins face-off versus Sean Couturier in Flyers zone.
0:50 of 2nd period - Backhand shot by Drew Miller.
0:50 of 2nd period - Deflect By Marcus Kruger.
0:50 of 2nd period - Stopped by Samuel Montembeault without a rebound.
0:51 of 2nd period - Tomas Hertl wins face-off versus Jordan Nolan in Rangers zone.
1:18 of 2nd period - Drew Miller is hit by Milan Lucic and loses puck.
3:05 of 2nd period - Off-side.
3:06 of 2nd period - Jordan Nolan wins face-off versus Henrik Samuelsson in neutral zone.
3:19 of 2nd period - Snap shot by J.T. Miller.
3:19 of 2nd period - Shot Misses the Net.
3:21 of 2nd period - Minor Penalty to Henrik Samuelsson for Cross-checking.
3:22 of 2nd period - Sean Couturier wins face-off versus Jordan Nolan in Rangers zone.
3:44 of 2nd period - Icing by J.T. Miller.
3:45 of 2nd period - Jordan Nolan wins face-off versus Sean Couturier in Flyers zone.
3:52 of 2nd period - Slapshot by Jacob Trouba.
3:52 of 2nd period - Stopped by Samuel Montembeault with a rebound.
3:54 of 2nd period - Wrist shot by J.T. Miller.
3:54 of 2nd period - Shot Misses the Net.
4:14 of 2nd period - T.J Galiardi is hit by Jordan Nolan and loses puck.
4:21 of 2nd period - Wrist shot by Jakub Voracek.
4:21 of 2nd period - Shot Blocked by Tomas Hertl.
4:23 of 2nd period - Wrist shot by Jakub Voracek.
4:23 of 2nd period - Shot Blocked by T.J Galiardi.
4:25 of 2nd period - Wrist shot by J.T. Miller.
4:25 of 2nd period - Stopped by Samuel Montembeault with a rebound.
4:27 of 2nd period - Wrist shot by Jakub Voracek.
4:27 of 2nd period - Goal by Jakub Voracek - Rangers : 0 - Flyers : 1.
4:28 of 2nd period - Devante Smith-Pelly wins face-off versus Jeff Carter in neutral zone.
4:36 of 2nd period - Minor Penalty to Jeff Carter for Hooking.
4:37 of 2nd period - Sean Couturier wins face-off versus J.T. Miller in Flyers zone.
4:41 of 2nd period - Slapshot by Cale Makar.
4:41 of 2nd period - Shot Misses the Net.
4:43 of 2nd period - Snap shot by Milan Lucic.
4:43 of 2nd period - Goal by Milan Lucic - Rangers : 1 - Flyers : 1.
4:44 of 2nd period - Sean Couturier wins face-off versus Jordan Nolan in neutral zone.
4:47 of 2nd period - Backhand shot by Devante Smith-Pelly.
4:47 of 2nd period - Goal by Devante Smith-Pelly - Rangers : 2 - Flyers : 1.
4:48 of 2nd period - Jordan Nolan wins face-off versus Sean Couturier in neutral zone.
5:55 of 2nd period - Jacob Trouba is hit by Dmitry Kulikov and loses puck.
6:54 of 2nd period - Snap shot by Niclas Bergfors.
6:54 of 2nd period - Stopped by Samuel Montembeault with a rebound.
6:56 of 2nd period - Snap shot by Niclas Bergfors.
6:56 of 2nd period - Goal by Niclas Bergfors - Rangers : 2 - Flyers : 2.
6:57 of 2nd period - Sean Couturier wins face-off versus Jordan Nolan in neutral zone.
6:57 of 2nd period - Dmitry Kulikov is hit by Brian Lashoff and loses puck.
7:30 of 2nd period - Snap shot by Richard Panik.
7:30 of 2nd period - Stopped by Steve Mason with a rebound.
7:32 of 2nd period - Snap shot by T.J Galiardi.
7:32 of 2nd period - Stopped by Steve Mason with a rebound.
7:34 of 2nd period - Snap shot by Henrik Samuelsson.
7:34 of 2nd period - Shot Blocked by Brian Lashoff.
7:36 of 2nd period - Wrist shot by Richard Panik.
7:36 of 2nd period - Stopped by Steve Mason without a rebound.
7:37 of 2nd period - Sean Couturier wins face-off versus Jordan Nolan in Flyers zone.
7:46 of 2nd period - Snap shot by Jakub Voracek.
7:46 of 2nd period - Shot Misses the Net.
8:02 of 2nd period - Jake Dotchin is hit by Ryan Strome and loses puck.
8:23 of 2nd period - Slapshot by Luke Schenn.
8:23 of 2nd period - Deflect By Tomas Kubalik.
8:23 of 2nd period - Stopped by Steve Mason with a rebound.
8:32 of 2nd period - Off-side.
8:33 of 2nd period - Sean Couturier wins face-off versus Calle Jarnkrok in neutral zone.
8:53 of 2nd period - Icing by Cale Makar.
8:54 of 2nd period - Jordan Nolan wins face-off versus Devante Smith-Pelly in Rangers zone.
8:59 of 2nd period - Slapshot by Jakub Voracek.
8:59 of 2nd period - Stopped by Samuel Montembeault with a rebound.
9:01 of 2nd period - Wrist shot by Jakub Voracek.
9:01 of 2nd period - Stopped by Samuel Montembeault with a rebound.
9:03 of 2nd period - Wrist shot by J.T. Miller.
9:03 of 2nd period - Deflect By Cale Makar.
9:03 of 2nd period - Stopped by Samuel Montembeault with a rebound.
9:11 of 2nd period - J.T. Miller is hit by Vince Dunn and loses puck.
9:48 of 2nd period - Snap shot by Niclas Bergfors.
9:48 of 2nd period - Deflect By Ryan Strome.
9:48 of 2nd period - Stopped by Samuel Montembeault with a rebound.
10:00 of 2nd period - Wrist shot by Ryan Dzingel.
10:00 of 2nd period - Stopped by Steve Mason with a rebound.
10:02 of 2nd period - Slapshot by Dmitry Kulikov.
10:02 of 2nd period - Deflect By Jacob Trouba.
10:02 of 2nd period - Stopped by Steve Mason with a rebound.
10:04 of 2nd period - Snap shot by Ryan Strome.
10:04 of 2nd period - Shot Misses the Net.
10:11 of 2nd period - Minor Penalty to Nathan Beaulieu for Holding.
10:12 of 2nd period - Sean Couturier wins face-off versus J.T. Miller in Flyers zone.
10:20 of 2nd period - Backhand shot by Milan Lucic.
10:20 of 2nd period - Goal by Milan Lucic - Rangers : 3 - Flyers : 2.
10:21 of 2nd period - Jordan Nolan wins face-off versus Sean Couturier in neutral zone.
10:47 of 2nd period - Icing by Nathan Beaulieu.
10:48 of 2nd period - Jeff Carter wins face-off versus Tomas Hertl in Flyers zone.
10:52 of 2nd period - Off-side.
10:53 of 2nd period - Sean Couturier wins face-off versus Jordan Nolan in neutral zone.
11:41 of 2nd period - Slapshot by Niclas Bergfors.
11:41 of 2nd period - Shot Misses the Net.
11:43 of 2nd period - Slapshot by Calle Jarnkrok.
11:43 of 2nd period - Stopped by Samuel Montembeault without a rebound.
11:44 of 2nd period - Calle Jarnkrok wins face-off versus Henrik Samuelsson in Rangers zone.
11:53 of 2nd period - Slapshot by Henrik Samuelsson.
11:53 of 2nd period - Stopped by Steve Mason with a rebound.
11:55 of 2nd period - Minor Penalty to Calle Jarnkrok for Hooking.
11:56 of 2nd period - Sean Couturier wins face-off versus J.T. Miller in Flyers zone.
12:05 of 2nd period - Slapshot by Cale Makar.
12:05 of 2nd period - Stopped by Steve Mason with a rebound.
13:41 of 2nd period - Cale Makar is hit by Brock Nelson and loses puck.
13:55 of 2nd period - Penalty to Calle Jarnkrok is over, Calle Jarnkrok is back on ice.
14:02 of 2nd period - Jacob Trouba is hit by Magnus Paajarvi.
14:42 of 2nd period - Snap shot by Niclas Bergfors.
14:42 of 2nd period - Goal by Niclas Bergfors - Rangers : 3 - Flyers : 3.
14:43 of 2nd period - J.T. Miller wins face-off versus Sean Couturier in neutral zone.
14:50 of 2nd period - Backhand shot by J.T. Miller.
14:50 of 2nd period - Deflect By Tomas Kubalik.
14:50 of 2nd period - Stopped by Samuel Montembeault with a rebound.
14:52 of 2nd period - Snap shot by Tomas Kubalik.
14:52 of 2nd period - Shot Misses the Net.
14:54 of 2nd period - Backhand shot by Brock Nelson.
14:54 of 2nd period - Stopped by Samuel Montembeault without a rebound.
14:55 of 2nd period - Sean Couturier wins face-off versus Jakub Voracek in Rangers zone.
15:29 of 2nd period - Off-side.
15:30 of 2nd period - Tomas Hertl wins face-off versus Drew Miller in neutral zone.
15:51 of 2nd period - Jake Dotchin is hit by Tomas Hertl and loses puck.
17:04 of 2nd period - Jonathan Ericsson is hit by Ryan Dzingel and loses puck.
17:15 of 2nd period - Wrist shot by Drew Miller.
17:15 of 2nd period - Stopped by Samuel Montembeault without a rebound.
17:16 of 2nd period - Jordan Nolan wins face-off versus Sean Couturier in Rangers zone.
17:56 of 2nd period - Snap shot by J.T. Miller.
17:56 of 2nd period - Shot Hit the Post.
17:58 of 2nd period - Wrist shot by J.T. Miller.
17:58 of 2nd period - Stopped by Samuel Montembeault with a rebound.
18:15 of 2nd period - Slapshot by J.T. Miller.
18:15 of 2nd period - Stopped by Samuel Montembeault without a rebound.
18:16 of 2nd period - Calle Jarnkrok wins face-off versus Sean Couturier in Rangers zone.
18:48 of 2nd period - Luke Schenn is hit by Travis Konecny and loses puck.
Goals for this period are 3 for Rangers vs 3 for Flyers.
Shots for this period are 12 for Rangers vs 17 for Flyers.
3rd period
0:01 of 3rd period - Jordan Nolan wins face-off versus Sean Couturier in neutral zone.
0:09 of 3rd period - Snap shot by Jakub Voracek.
0:09 of 3rd period - Stopped by Samuel Montembeault with a rebound.
0:11 of 3rd period - Slapshot by Nathan Beaulieu.
0:11 of 3rd period - Deflect By Jordan Nolan.
0:11 of 3rd period - Stopped by Samuel Montembeault with a rebound.
0:13 of 3rd period - Snap shot by J.T. Miller.
0:13 of 3rd period - Shot Misses the Net.
0:38 of 3rd period - Off-side.
0:39 of 3rd period - Chris Mcallister wins face-off versus Tomas Hertl in neutral zone.
0:52 of 3rd period - Snap shot by Ryan Strome.
0:52 of 3rd period - Shot Misses the Net.
0:54 of 3rd period - Snap shot by Luke Schenn.
0:54 of 3rd period - Shot Blocked by Brian Lashoff.
0:56 of 3rd period - Snap shot by Tomas Hertl.
0:56 of 3rd period - Stopped by Steve Mason with a rebound.
1:42 of 3rd period - Maxime Sauvé is hit by J.T. Miller.
2:00 of 3rd period - Wrist shot by Jakub Voracek.
2:00 of 3rd period - Shot Blocked by Vince Dunn.
3:03 of 3rd period - Jordan Nolan is hit by Henrik Samuelsson and loses puck.
3:42 of 3rd period - Snap shot by Richard Panik.
3:42 of 3rd period - Shot Misses the Net.
4:14 of 3rd period - Wrist shot by J.T. Miller.
4:14 of 3rd period - Shot Misses the Net.
4:16 of 3rd period - Snap shot by Jakub Voracek.
4:16 of 3rd period - Stopped by Samuel Montembeault with a rebound.
4:18 of 3rd period - Slapshot by Jakub Voracek.
4:18 of 3rd period - Shot Misses the Net.
4:20 of 3rd period - Wrist shot by Jordan Nolan.
4:20 of 3rd period - Stopped by Samuel Montembeault without a rebound.
4:21 of 3rd period - Jeff Carter wins face-off versus Sean Couturier in Rangers zone.
4:22 of 3rd period - Slapshot by Marcus Kruger.
4:22 of 3rd period - Shot Misses the Net.
4:52 of 3rd period - Snap shot by Chris Mcallister.
4:52 of 3rd period - Shot Blocked by Ryan Dzingel.
5:06 of 3rd period - Mikhail Sergachev is hit by Jeff Carter and loses puck.
5:42 of 3rd period - Minor Penalty to Chris Mcallister for Tripping.
5:43 of 3rd period - Sean Couturier wins face-off versus Calle Jarnkrok in Flyers zone.
5:58 of 3rd period - Wrist shot by Devante Smith-Pelly.
5:58 of 3rd period - Shot Misses the Net.
6:09 of 3rd period - Icing by Luke Schenn.
6:10 of 3rd period - Tomas Hertl wins face-off versus Calle Jarnkrok in Rangers zone.
6:15 of 3rd period - Slapshot by Dmitry Kulikov.
6:15 of 3rd period - Shot Misses the Net.
6:17 of 3rd period - Wrist shot by Tomas Hertl.
6:17 of 3rd period - Shot Blocked by Jacob Trouba.
6:19 of 3rd period - Snap shot by Dmitry Kulikov.
6:19 of 3rd period - Shot Blocked by Nathan Beaulieu.
6:21 of 3rd period - Wrist shot by Dmitry Kulikov.
6:21 of 3rd period - Shot Misses the Net.
6:27 of 3rd period - Slapshot by Ryan Dzingel.
6:27 of 3rd period - Stopped by Steve Mason without a rebound.
6:28 of 3rd period - Sean Couturier wins face-off versus Calle Jarnkrok in Flyers zone.
7:01 of 3rd period - Brock Nelson is hit by Vince Dunn and loses puck.
7:42 of 3rd period - Penalty to Chris Mcallister is over, Chris Mcallister is back on ice.
7:59 of 3rd period - Wrist shot by Chris Mcallister.
7:59 of 3rd period - Shot Misses the Net.
8:01 of 3rd period - Snap shot by Drew Miller.
8:01 of 3rd period - Shot Blocked by Patrik Nemeth.
8:03 of 3rd period - Snap shot by Drew Miller.
8:03 of 3rd period - Shot Misses the Net.
8:23 of 3rd period - Wrist shot by Drew Miller.
8:23 of 3rd period - Stopped by Samuel Montembeault without a rebound.
8:24 of 3rd period - J.T. Miller wins face-off versus Sean Couturier in Rangers zone.
8:44 of 3rd period - Minor Penalty to Ryan Strome for Roughing.
8:45 of 3rd period - Jordan Nolan wins face-off versus Sean Couturier in Rangers zone.
8:54 of 3rd period - Snap shot by Jakub Voracek.
8:54 of 3rd period - Deflect By J.T. Miller.
8:54 of 3rd period - Stopped by Samuel Montembeault without a rebound.
8:55 of 3rd period - Sean Couturier wins face-off versus Jordan Nolan in Rangers zone.
9:33 of 3rd period - Slapshot by Jordan Nolan.
9:33 of 3rd period - Goal by Jordan Nolan - Rangers : 3 - Flyers : 4.
9:34 of 3rd period - Tomas Hertl wins face-off versus Jeff Carter in neutral zone.
9:41 of 3rd period - Slapshot by Ryan Strome.
9:41 of 3rd period - Stopped by Steve Mason without a rebound.
9:42 of 3rd period - Jeff Carter wins face-off versus Tomas Hertl in Flyers zone.
10:39 of 3rd period - Wrist shot by Marcus Kruger.
10:39 of 3rd period - Shot Hit the Post.
10:41 of 3rd period - Slapshot by Jacob Trouba.
10:41 of 3rd period - Shot Hit the Post.
10:43 of 3rd period - Snap shot by Marcus Kruger.
10:43 of 3rd period - Shot Misses the Net.
10:45 of 3rd period - Wrist shot by Marcus Kruger.
10:45 of 3rd period - Stopped by Samuel Montembeault with a rebound.
11:12 of 3rd period - Slapshot by Cale Makar.
11:12 of 3rd period - Stopped by Steve Mason with a rebound.
11:24 of 3rd period - Wrist shot by Drew Miller.
11:24 of 3rd period - Stopped by Samuel Montembeault without a rebound.
11:25 of 3rd period - Sean Couturier wins face-off versus Jordan Nolan in Rangers zone.
12:07 of 3rd period - Niclas Bergfors is hit by Maxime Sauvé and loses puck.
12:33 of 3rd period - Slapshot by Calle Jarnkrok.
12:33 of 3rd period - Shot Misses the Net.
12:35 of 3rd period - Snap shot by Chris Mcallister.
12:35 of 3rd period - Deflect By Calle Jarnkrok.
12:35 of 3rd period - Shot Blocked by Maxime Sauvé.
12:35 of 3rd period - Puck is out of play.
12:36 of 3rd period - Jordan Nolan wins face-off versus Sean Couturier in Rangers zone.
12:49 of 3rd period - Jordan Nolan is hit by Devante Smith-Pelly and loses puck.
14:54 of 3rd period - Jake Dotchin is hit by Vince Dunn and loses puck.
15:29 of 3rd period - Slapshot by Cale Makar.
15:29 of 3rd period - Shot Blocked by Nathan Beaulieu.
15:31 of 3rd period - Snap shot by Vince Dunn.
15:31 of 3rd period - Shot Blocked by Jacob Trouba.
15:33 of 3rd period - Slapshot by Vince Dunn.
15:33 of 3rd period - Stopped by Steve Mason without a rebound.
15:34 of 3rd period - Travis Konecny wins face-off versus Henrik Samuelsson in Flyers zone.
15:43 of 3rd period - Matt Smaby is hit by T.J Galiardi and loses puck.
16:34 of 3rd period - Wrist shot by Niclas Bergfors.
16:34 of 3rd period - Shot Misses the Net.
16:40 of 3rd period - Patrik Nemeth is hit by Drew Miller and loses puck.
16:51 of 3rd period - Nathan Beaulieu is hit by Richard Panik and loses puck.
17:24 of 3rd period - Slapshot by Niclas Bergfors.
17:24 of 3rd period - Stopped by Samuel Montembeault without a rebound.
17:25 of 3rd period - Sean Couturier wins face-off versus Jordan Nolan in Rangers zone.
17:47 of 3rd period - Minor Penalty to Devante Smith-Pelly for Tripping.
17:48 of 3rd period - J.T. Miller wins face-off versus Sean Couturier in Rangers zone.
18:22 of 3rd period - Brock Nelson is hit by Sean Couturier and loses puck.
19:47 of 3rd period - Penalty to Devante Smith-Pelly is over, Devante Smith-Pelly is back on ice.
Goals for this period are 0 for Rangers vs 1 for Flyers.
Shots for this period are 5 for Rangers vs 10 for Flyers.
Output by the SimonT Hockey Simulator (STHS) for Francois Prevost